Map: Honorgrounds LE

Players

Stats - Winner!

  • Race: Protoss Protoss
  • Spawn Location: 11:00

TYTY (TY)

  • Race: Terran Terran
  • Spawn Location: 1:00

Event: IEM XI Katowice - World Championship 2017

VOD

Have the link to the VOD?

Description

Time

  • Played on: March 5, 2017, 10:28 a.m.
  • Length: 16:47

All games in this series

Show
View Real Time Build Order
Export as new Build Order

Stats Protoss - Winner!

Build Orders: 1 Gate Expand, Colossus Rush 

Get SALT Encoding   

  12  0:01  Probe (Chrono Boost)  
  13  0:11  Probe (Chrono Boost)  
  14  0:20  Pylon  
  14  0:22  Probe (Chrono Boost)  
  15  0:38  Gateway, Probe (Chrono Boost)  
  16  0:48  Probe (Chrono Boost)  
  16  0:49  Assimilator  
  17  0:59  Probe (Chrono Boost)  
  18  1:10  Probe (Chrono Boost)  
  19  1:20  Probe (Chrono Boost)  
  20  1:26  Nexus  
  20  1:34  Cybernetics Core  
  20  1:38  Probe (Chrono Boost)  
  21  1:45  Assimilator  
  21  1:48  Probe (Chrono Boost)  
  21  1:54  Pylon  
  22  1:59  Probe (Chrono Boost)  
  23  2:12  Mothership Core (Chrono Boost)  
  25  2:15  Warp Gate  
  25  2:20  Adept  
  27  2:30  Probe (Chrono Boost)  
  28  2:41  Probe x2 (Chrono Boost)  
  30  2:46  Robotics Facility  
  30  2:51  Probe (Chrono Boost)  
  30  2:52  Probe (Chrono Boost)  
  30  2:55  Adept  
  34  3:02  Probe x2 (Chrono Boost)  
  36  3:09  Pylon  
  37  3:13  Probe x2 (Chrono Boost)  
  37  3:18  Gateway  
  38  3:21  Gateway  
  38  3:23  Probe (Chrono Boost)  
  38  3:25  Probe (Chrono Boost)  
  40  3:34  Probe (Chrono Boost)  
  41  3:35  Probe (Chrono Boost)  
  41  3:44  Probe (Chrono Boost)  
  41  3:45  Observer  
  41  3:46  Probe (Chrono Boost)  
  41  3:48  Assimilator  
  43  3:49  Assimilator  
  43  3:55  Probe (Chrono Boost)  
  44  3:56  Pylon  
  44  3:57  Probe (Chrono Boost)  
  45  4:03  Robotics Bay  
  45  4:04  Observer  
  45  4:06  Probe (Chrono Boost)  
  45  4:07  Probe (Chrono Boost)  
  48  4:12  Pylon  
  49  4:18  Probe (Chrono Boost), Stalker x2  
  49  4:21  Probe (Chrono Boost)  
  54  4:25  Observer  
  54  4:26  Stalker  
  54  4:30  Probe (Chrono Boost)  
  58  4:36  Probe (Chrono Boost)  
  59  4:43  Colossus, Probe (Chrono Boost)  
  60  4:46  Pylon, Extended Thermal Lance  
  66  4:56  Probe x2 (Chrono Boost)  
  68  5:11  Nexus  
  68  5:14  Pylon  
  68  5:18  Sentry x2  
  72  5:22  Zealot  
  72  5:26  Probe x2 (Chrono Boost)  
  76  5:29  Colossus  
  82  5:44  Zealot x2  
  82  5:45  Pylon  
  82  5:47  Pylon  
  86  6:01  Gateway  
  86  6:02  Gateway  
  86  6:05  Stalker x2  
  86  6:07  Stalker  
  92  6:16  Colossus  
  97  6:30  Stalker x3  
  84  6:52  Probe (Chrono Boost)  
  84  6:54  Probe x2 (Chrono Boost)  
  85  6:56  Twilight Council  
  85  7:02  Colossus  
  85  7:04  Sentry  
  85  7:07  Probe (Chrono Boost)  
  90  7:08  Probe x2 (Chrono Boost)  
  90  7:14  Pylon  
  96  7:18  Pylon  
  96  7:20  Probe (Chrono Boost)  
  96  7:22  Resonating Glaives, Probe x2 (Chrono Boost)  
  97  7:25  Pylon  
  97  7:27  Sentry  
  97  7:28  Sentry  
  101  7:32  Probe (Chrono Boost)  
  101  7:34  Gateway, Probe x2 (Chrono Boost)  
  101  7:35  Gateway  
  104  7:38  Stalker  
  104  7:40  Pylon  
  104  7:43  Pylon  
  106  7:46  Pylon  
  106  7:53  Probe x3 (Chrono Boost)  
  106  7:55  Adept x2  
  113  7:58  Adept x2  
  113  8:01  Warp Prism  
  117  8:07  Gateway  
  119  8:19  Forge  
  117  8:21  Forge  
  117  8:22  Adept x4  
  117  8:24  Adept  
  127  8:31  Assimilator  
  127  8:32  Assimilator  
  127  8:42  Disruptor  
  127  8:44  Pylon  
  130  8:51  Photon Cannon  
  130  8:55  Adept x3  
  136  8:56  Protoss Ground Armor Level 1, Protoss Ground Weapons Level 1, Adept  
  136  8:57  Adept x3  
  144  9:04  Pylon  
  144  9:13  Disruptor  
  144  9:15  Blink  
  143  9:34  Nexus  
  143  9:35  Pylon, Stalker  
  143  9:36  Stalker x2  
  135  9:48  Adept x5  
  135  9:52  Warp Prism  
  147  10:00  Robotics Facility  
  147  10:03  Dark Shrine  
  143  10:15  Pylon  
  143  10:17  Stalker x2  
  143  10:18  Stalker  
  143  10:21  Adept x3  
  155  10:25  Disruptor  
  155  10:27  Adept x2  
  162  10:48  Adept x7  
  176  10:50  Adept  
  176  10:55  Probe (Chrono Boost)  
  182  10:57  Disruptor, Probe x3 (Chrono Boost)  
  175  11:04  Disruptor  
  178  11:13  Assimilator  
  178  11:15  Photon Cannon  
  178  11:16  Assimilator  
  178  11:19  Photon Cannon  
  178  11:36  Disruptor  
  176  11:41  Disruptor  
  176  11:42  Shadow Stride  
  176  11:45  Stargate  
  180  11:47  Probe (Chrono Boost)  
  180  11:49  Probe x3 (Chrono Boost)  
  184  11:55  Stalker x2  
  184  11:58  Probe (Chrono Boost)  
  184  12:00  Sentry x2  
  184  12:01  Probe x3 (Chrono Boost)  
  196  12:04  Templar Archives  
  196  12:16  Pylon  
  194  12:29  Immortal  
  186  12:34  Immortal  
  188  12:45  Dark Templar x3, Adept x4  
  188  12:46  Adept  
  183  13:05  Forge  
  183  13:07  Mothership Core (Chrono Boost)  
  183  13:14  Stalker x4  
  190  13:24  Pylon  
  190  13:25  Forge  
  190  13:26  Pylon  
  178  13:44  Protoss Ground Armor Level 2, Protoss Ground Weapons Level 2  
  139  13:55  Stalker x8  
  145  14:11  Disruptor, Warp Prism  
  150  14:18  Assimilator x2  
  150  14:20  Sentry x3, Stalker x4  
  150  14:21  Stalker  
  158  14:33  Photon Cannon  
  149  14:53  Stalker x4  
  149  14:57  Nexus  
  149  14:58  Pylon  
  155  15:04  Probe x2 (Chrono Boost)  
  155  15:05  Probe (Chrono Boost)  
  158  15:11  Dark Templar x4  
  162  15:32  Dark Templar x2  
  162  15:33  Zealot, Dark Templar  
  152  15:53  Dark Templar x3  
  144  16:31  Dark Templar x3  
  150  16:33  Zealot, Adept x3  
Show
View Real Time Build Order
Export as new Build Order

TYTY Terran 

Build Orders: MMM Bio 

Get SALT Encoding   

  12  0:00  SCV  
  13  0:12  SCV  
  14  0:21  Supply Depot  
  14  0:24  SCV  
  15  0:30  Refinery  
  15  0:42  SCV  
  16  0:47  Barracks  
  16  0:54  SCV  
  17  1:06  SCV  
  18  1:19  SCV  
  20  1:37  Reaper  
  20  1:38  Orbital Command  
  20  1:50  Command Center  
  20  2:01  Factory  
  20  2:05  SCV  
  21  2:11  Barracks Reactor  
  21  2:15  Supply Depot  
  21  2:19  SCV  
  22  2:31  Refinery, SCV  
  23  2:43  SCV  
  24  2:45  Starport  
  24  2:51  Hellion x2  
  28  2:55  SCV  
  29  3:01  Orbital Command  
  29  3:04  Barracks Tech Lab  
  29  3:08  SCV  
  30  3:20  SCV  
  30  3:25  Medivac  
  30  3:27  Marine  
  33  3:29  SCV  
  33  3:30  Widow Mine x2  
  33  3:32  SCV  
  39  3:41  SCV  
  38  3:44  Marine, SCV  
  40  3:52  Barracks  
  40  3:53  SCV  
  40  3:54  Barracks  
  39  3:57  SCV  
  40  4:05  SCV  
  40  4:09  SCV  
  45  4:11  Supply Depot  
  45  4:13  Siege Tank  
  45  4:15  Supply Depot  
  45  4:17  SCV  
  46  4:24  Supply Depot  
  46  4:26  Refinery  
  46  4:27  Starport Tech Lab  
  46  4:32  Marine x2, SCV x2  
  46  4:33  Supply Depot  
  50  4:41  Marine  
  50  4:44  SCV  
  50  4:45  Siege Tank  
  55  4:47  Liberator  
  55  4:51  Marine x2, Combat Shields  
  55  4:52  Marine  
  58  4:54  SCV  
  58  4:56  Supply Depot  
  58  4:57  SCV  
  60  5:06  Marine  
  60  5:07  SCV  
  65  5:09  Marine x2, SCV  
  68  5:15  Supply Depot  
  68  5:17  Marine  
  68  5:19  Siege Tank, SCV  
  73  5:22  Supply Depot  
  73  5:23  SCV  
  73  5:26  Marine  
  75  5:31  SCV  
  75  5:32  Supply Depot  
  75  5:33  Marine  
  75  5:35  Marine  
  78  5:40  Marine  
  79  5:48  Barracks Tech Lab  
  79  5:49  Starport Reactor  
  79  5:50  SCV x2  
  79  5:57  Marine x2  
  81  6:03  Factory Reactor  
  83  6:04  Marine  
  83  6:07  Marine, SCV x2  
  83  6:09  Stimpack  
  86  6:12  Command Center  
  86  6:14  Marine  
  87  6:19  SCV x2  
  89  6:26  Medivac  
  89  6:27  Medivac  
  89  6:28  Marine x2  
  89  6:31  Engineering Bay  
  95  6:33  Engineering Bay  
  91  6:40  Widow Mine x2  
  78  6:48  Marine  
  78  6:49  Marine, Marauder x2  
  78  6:50  SCV  
  77  6:56  Refinery  
  77  6:57  Barracks  
  77  6:58  Barracks  
  75  7:06  Marine  
  77  7:10  Marauder x2  
  77  7:12  Medivac x2  
  77  7:14  Widow Mine  
  77  7:15  Widow Mine  
  85  7:17  SCV x2  
  85  7:20  Terran Infantry Weapons Level 1  
  87  7:29  SCV x2  
  89  7:32  Terran Infantry Armor Level 1, Marine x2, Missile Turret  
  89  7:33  Marine x2  
  93  7:41  SCV  
  94  7:46  Orbital Command  
  93  7:52  Marine  
  93  7:53  SCV x2  
  93  7:54  Marine x3  
  93  7:56  Starport  
  93  7:57  Viking x2  
  103  8:05  SCV  
  104  8:08  Marine x2, SCV  
  107  8:16  Concussive Shells, Marine x2  
  107  8:17  SCV x2  
  107  8:19  Supply Depot  
  111  8:20  Supply Depot  
  111  8:21  Armory  
  111  8:24  Refinery  
  111  8:25  Missile Turret  
  111  8:27  Viking  
  111  8:28  Viking  
  111  8:31  Marine x3  
  120  8:35  Starport Reactor  
  120  8:39  SCV x2  
  120  8:41  SCV  
  121  8:50  Command Center  
  121  8:51  Refinery  
  121  8:52  Missile Turret  
  121  8:56  Missile Turret  
  121  8:59  Missile Turret, Viking x2  
  121  9:02  Marine x4  
  129  9:04  SCV  
  130  9:11  Marauder x3  
  130  9:12  Viking x2  
  140  9:23  SCV  
  140  9:24  SCV  
  140  9:25  SCV  
  140  9:26  Marine x2  
  141  9:32  Marine  
  141  9:37  Liberator x3  
  141  9:39  Terran Infantry Weapons Level 2, Terran Infantry Armor Level 2  
  143  9:47  Marine x4  
  143  9:51  Missile Turret  
  146  9:56  Marine x2  
  149  10:01  Marine  
  149  10:06  SCV x3  
  152  10:07  Planetary Fortress  
  152  10:13  Missile Turret  
  150  10:16  Supply Depot  
  150  10:18  Marine x3  
  150  10:19  Missile Turret  
  157  10:22  Barracks  
  157  10:24  Terran Ship Weapons Level 1  
  157  10:25  SCV, Barracks  
  157  10:26  SCV  
  158  10:30  Liberator x2  
  158  10:31  Liberator  
  158  10:34  Liberator  
  158  10:39  SCV x2  
  164  10:44  Ghost Academy  
  165  10:53  Marine  
  165  10:54  Marine x2  
  170  11:03  SCV x3  
  171  11:05  Missile Turret, Refinery  
  170  11:14  Barracks Tech Lab  
  170  11:15  Barracks Reactor  
  172  11:21  Supply Depot  
  172  11:22  Supply Depot  
  172  11:23  Supply Depot  
  172  11:24  Supply Depot  
  170  11:29  Fusion Core  
  170  11:41  Liberator x2  
  170  11:45  Liberator  
  167  11:50  Marauder x3  
  170  11:55  Command Center  
  170  11:57  Command Center  
  176  12:05  Terran Infantry Weapons Level 3, Terran Infantry Armor Level 3  
  179  12:16  Marine x4, Marauder x2  
  179  12:21  Advanced Ballistics  
  183  12:24  Liberator  
  183  12:26  SCV x3  
  181  12:33  Liberator x2  
  181  12:35  Marine  
  184  12:45  Barracks Tech Lab  
  181  13:03  Marine, Marauder x2  
  181  13:04  Marine x3  
  186  13:07  Liberator  
  186  13:08  Marine x4  
  176  13:16  SCV x2  
  170  13:22  Marine  
  170  13:25  Marauder  
  174  13:29  Liberator  
  157  13:43  Marine x4, Marauder  
  157  13:44  Marauder  
  134  13:54  Marine x2  
  134  13:55  Marauder x2  
  119  14:04  Marine x4  
  119  14:05  Marauder x2  
  119  14:08  SCV x3  
  124  14:12  Marine  
  124  14:16  Marauder  
  124  14:20  Marine  
  124  14:21  Marine, Marauder  
  124  14:22  Liberator  
  121  14:35  Liberator  
  119  14:42  Marine x4, Marauder x2  
  128  14:48  Marine, Marauder x2  
  118  14:58  Marine  
  116  15:00  Marine  
  116  15:04  Marauder x2  
  116  15:05  Planetary Fortress  
  116  15:06  Liberator x2  
  118  15:17  Marine x2, Marauder x2  
  117  15:29  Marine x4  
  113  15:45  SCV x2  
  99  15:52  Marine, Marauder x2  
  99  15:54  Marine x2  
  99  15:55  Marauder x2  
  104  16:14  Marauder  
  104  16:17  Orbital Command  
  97  16:32  SCV x2  

Tags
 
Add a new tag
Caveats
  • Supply blocks, unpowered buildings, or Contaminate may cause inaccurate times.
  • Supply counts are checked every 10 seconds.